 Dungeon Crawl Stone Soup version 0.19.1-1-g22dce08 (webtiles) character file.

33 Kiturien the Insei (level 3, -1/23 HPs)
             Began as an Octopode Transmuter on Jan 14, 2017.
             Slain by an adder (4 damage)
             ... on level 2 of the Dungeon.
             The game lasted 00:07:41 (1489 turns).

Kiturien the Insei (Octopode Transmuter)            Turns: 1489, Time: 00:07:42

Health: -1/23      AC:  1    Str: 10    XL:     3   Next: 29%
Magic:  6/6        EV: 13    Int: 15    God:
Gold:   76         SH:  0    Dex: 12    Spells: 1 memorised, 5 levels left

rFire  . . .     SeeInvis .     o - +1 trident (vamp)
rCold  . . .     Gourm    .     (no shield)
rNeg   . . .     Faith    .     (helmet restricted)
rPois  .         Spirit   .     (no amulet)
rElec  .         Reflect  .     i - ring of protection from magic
rCorr  .         Harm     .     j - ring of flight
MR     +....                    (no ring)
Stlth  ++........               (no ring)
                                (no ring)
                                (no ring)
                                (no ring)
                                (no ring)

@: very slightly contaminated
A: almost no armour, stealthy swim, amphibious, 8 rings, constrict 8, camouflage
1, gelatinous body 1
a: Evoke Flight


You were on level 2 of the Dungeon.
You were not hungry.

You visited 1 branch of the dungeon, and saw 2 of its levels.

You collected 76 gold pieces.

Inventory:

Hand Weapons
 h - a +0 dagger
 o - a +1 vampiric trident (weapon)
Missiles
 a - 37 arrows
Jewellery
 i - a ring of protection from magic (left tentacle)
 j - a ring of flight (right tentacle)
Scrolls
 k - a scroll of remove curse
 l - 2 scrolls of teleportation
 n - a scroll of recharging
 p - a scroll of fog {unknown}
 r - a scroll of noise {unknown}
 s - a scroll of amnesia {unknown}
Potions
 g - a potion of brilliance
 m - a potion of cancellation
Books
 b - a book of Changes

   Spells                             Type                      Level
   a - Beastly Appendage              Transmutation                1
   b - Sticks to Snakes               Transmutation                2
   c - Spider Form                    Transmutation/Poison         3
   d - Ice Form                       Ice/Transmutation            4
   e - Blade Hands                    Transmutation                5
Comestibles
 c - 2 bread rations
 f - a beef jerky
 q - a meat ration


   Skills:
 * Level 1.1 Fighting
 * Level 0.6 Short Blades
 + Level 2.2 Dodging
 + Level 0.8 Stealth
 + Level 3.5 Unarmed Combat
 - Level 2.3 Spellcasting
 - Level 2.0 Transmutations


You had 5 spell levels left.
You knew the following spells:

 Your Spells              Type           Power        Failure   Level  Hunger
a - Beastly Appendage     Tmut           #.....       12%         1    #......


Dungeon Overview and Level Annotations

Branches:
Dungeon (2/15)

Altars:
Sif Muna


Innate Abilities, Weirdness & Mutations

You cannot wear most types of armour.
You are very stealthy in the water. (Stealth+)
You are amphibious.
You can wear up to eight rings at the same time.
You can use your tentacles to constrict eight enemies at once.
Your skin changes colour to match your surroundings (Stealth+).
Your rubbery body absorbs attacks. (AC +1, EV +1)


Message History

* * * LOW HITPOINT WARNING * * *
Blink to where?
Press: ? - help, Dir - move target cursor You lose your grip on the adder.
You are very lightly contaminated with residual magic.
As you read the scroll of blinking, it crumbles to dust.
* * * LOW HITPOINT WARNING * * *
You feel sick.
It was a potion of curing.
You feel better. The adder closely misses you.
You barely miss the adder. Your grab misses the adder.
The adder is heavily wounded.
The adder bites you. x2
* * * LOW HITPOINT WARNING * * *
You barely miss the adder. Your grab misses the adder.
The adder is heavily wounded.
The adder completely misses you.
You closely miss the adder. Your grab misses the adder.
The adder is heavily wounded.
The adder closely misses you. The adder bites you.
You die...

#............#.
#....##........
####.##.......#
########..########.#
#...#.>..## #.#
#...#†#### #.
#...#.# #. #...†.#
###.. #..@### .....#
#...S.#######.###.
#...#....#....###.##
#...###...........#.
#...# #..†.)........
######.........S..
#.............
#.............
#............(.


You could see an adder.

Vanquished Creatures
  2 dart slugs
  6 hobgoblins
  4 jackals (D:2)
  3 kobolds
  5 bats
  2 frilled lizards
  A goblin (D:1)
  6 rats (D:1)
29 creatures vanquished.

Notes
Turn   | Place    | Note
-------+----------+-------------------------------------------
     0 | D:1      | Kiturien the Octopode Transmuter began the quest for the Orb.
     0 | D:1      | Reached XP level 1. HP: 13/13 MP: 3/3
   217 | D:1      | Found a deep blue altar of Sif Muna.
   242 | D:1      | Reached XP level 2. HP: 7/18 MP: 5/5
  1278 | D:2      | Reached XP level 3. HP: 20/23 MP: 6/6
  1484 | D:2      | HP: 1/23 [poisoned by an adder]
  1489 | D:2      | Slain by an adder

Action                   || total
-------------------------++-------
Melee: Unarmed           ||    27
       Constrict         ||    21
       Tentacles         ||    11
       Punch             ||     2
       Dagger            ||    28
       Trident           ||    27
  Use: Scroll            ||     7
       Potion            ||     1
 Stab: Sleeping          ||     6
  Eat: Bread ration      ||     2
Armor: Skin              ||    17
Dodge: Dodged            ||    66
